 Dungeon Crawl Stone Soup version 0.28.0 (webtiles) character file.

Game seed: 7911223289615616312

63609 magipi the Spear-Bearer (level 14, -3/88 HPs)
             Began as a Minotaur Brigand on Feb 16, 2022.
             Was the Champion of Hepliaklqana.
             Killed from afar by a wretched star (29 damage)
             ... with a lance of force
             ... on level 3 of the Abyss on Feb 17, 2022.
             The game lasted 01:39:25 (20929 turns).

magipi the Spear-Bearer (Minotaur Brigand)         Turns: 20929, Time: 01:39:26

Health: -3/88      AC: 19    Str: 27    XL:     14   Next: 68%
Magic:  21/21      EV: 10    Int:  4    God:    Hepliaklqana [******]
Gold:   545        SH: 12    Dex: 15    Spells: 13/13 levels left

rFire   + . .      SeeInvis .   b - +6 trident (elec)
rCold   + . .      Faith    .   l - +2 buckler "Malaesich" {rPois Slay+2}
rNeg    . . .      Spirit   .   i - +4 chain mail {rF+}
rPois   +          Reflect  +   (helmet restricted)
rElec   .          Harm     .   M - +1 cloak {Stlth+}
rCorr   .          Rampage  .   f - +2 pair of gloves {Str+3}
Will    +....                   (no boots)
Stlth   ..........              r - amulet of reflection
HPRegen 0.24/turn               d - +6 ring of strength
MPRegen 0.17/turn               c - ring of protection from cold

@: hasted, very quick
A: reduced essence, horns 2, retaliatory headbutt, dopey 2, [frail 2]
a: Renounce Religion, Recall Ancestor, Ancestor Identity, Transference, Idealise


You were on level 3 of the Abyss.
You worshipped Hepliaklqana.
Hepliaklqana was exalted by your worship.
You visited 4 branches of the dungeon, and saw 21 of its levels.
You visited the Abyss 1 time.

You collected 2035 gold pieces.
You spent 1490 gold pieces at shops.

Inventory:

Hand Weapons
 a - a +3 demon trident
   (You took it off Urug on level 1 of the Lair of Beasts)
 b - a +6 trident of electrocution (weapon)
   (You took it off an orc on level 10 of the Dungeon)
Missiles
 e - 5 curare-tipped darts
 g - 2 atropa-tipped darts
 s - 9 boomerangs (quivered)
 t - 2 throwing nets
 E - 13 poisoned darts
 N - 5 javelins
Armour
 f - a +2 pair of gloves of strength (worn)
   (You bought it in a shop on level 1 of the Orcish Mines)
 h - the +0 scale mail of the Dragon {Drain rPois rC++ rN+}
   (You bought it in a shop on level 1 of the Orcish Mines)

   rC:        It greatly protects you from cold.
   rPois:     It protects you from poison.
   rN:        It protects you from negative energy.
   Drain:     It drains your maximum health when unequipped.
 i - a +4 chain mail of fire resistance (worn)
   (You bought it in a shop on level 1 of the Orcish Mines)
 l - the +2 buckler "Malaesich" (worn) {rPois Slay+2}
   (You acquired it on level 11 of the Dungeon)

   Slay:      It affects your accuracy & damage with ranged weapons and melee
   (+2).
   rPois:     It protects you from poison.
 w - a +1 ring mail of willpower
   (You found it on level 5 of the Dungeon)
 M - a +1 cloak of stealth (worn)
   (You took it off Maurice on level 12 of the Dungeon)
Jewellery
 c - a ring of protection from cold (right hand)
   (You bought it in a shop on level 1 of the Orcish Mines)
 d - a +6 ring of strength (left hand)
   (You took it off an orc on level 8 of the Dungeon)
 r - an amulet of reflection (around neck)
   (You found it on level 6 of the Lair of Beasts)
 J - a ring of ice
   (You found it on level 9 of the Dungeon)
Wands
 n - a wand of paralysis (19)
   (You took it off Ijyb on level 5 of the Dungeon)
 A - a wand of polymorph (3)
   (You found it on level 1 of the Lair of Beasts)
 D - a wand of iceblast (5)
   (You found it on level 1 of the Lair of Beasts)
 G - a wand of flame (21)
   (You found it on level 7 of the Dungeon)
 K - a wand of acid (8)
   (You took it off Maurice on level 12 of the Dungeon)
 P - a wand of charming (9)
   (You found it on level 4 of the Lair of Beasts)
 S - a wand of mindburst (19)
   (You found it on level 12 of the Dungeon)
Scrolls
 j - 4 scrolls of identify
 m - 2 scrolls of fog
 y - 8 scrolls of teleportation
 B - 2 scrolls of enchant armour
 H - a scroll of immolation
 I - 2 scrolls of vulnerability
 Q - 2 scrolls of noise
 T - a scroll of holy word
Potions
 k - 2 potions of lignification
 p - 2 potions of invisibility
 q - 8 potions of curing
 u - 2 potions of mutation
 v - a potion of resistance
 x - 2 potions of flight
 z - a potion of ambrosia
 C - a potion of haste
 F - 4 potions of attraction
 L - a potion of berserk rage
 R - a potion of might
Miscellaneous
 O - a phantom mirror
   (You found it on level 1 of the Lair of Beasts)


   Skills:
 - Level 12.0 Fighting
 - Level 2.1 Short Blades
 - Level 14.0 Polearms
 - Level 12.0 Throwing
 + Level 6.0 Armour
 + Level 5.7 Dodging
 - Level 3.2 Stealth
 - Level 5.0 Shields
 + Level 11.2 Invocations
 + Level 11.0 Evocations


You had 13 spell levels left.
You didn't know any spells.
Your spell library contained the following spells:

 Spells                   Type           Power      Damage    Failure   Level
 Animate Skeleton         Necr           0%         N/A       99%         1
 Apportation              Tloc           0%         N/A       99%         1
 Magic Dart               Conj           0%         1d3       99%         1
 Pain                     Necr           0%         1d4       99%         1
 Sting                    Tmut/Pois      0%         1d3       99%         1
 Summon Small Mammal      Summ           0%         N/A       99%         1
 Blink                    Tloc           0%         N/A       99%         2
 Call Imp                 Summ           0%         N/A       99%         2
 Poisonous Vapours        Pois/Air       0%         N/A       99%         2
 Sublimation of Blood     Necr           0%         N/A       99%         2
 Wereblood                Tmut           0%         N/A       99%         2
 Gell's Gravitas          Tloc           0%         N/A       100%        3
 Ignite Poison            Fire/Tmut/Pois 0%         N/A       100%        3
 Inner Flame              Hex/Fire       0%         N/A       100%        3
 Lesser Beckoning         Tloc           0%         N/A       100%        3
 Mephitic Cloud           Conj/Pois/Air  0%         N/A       100%        3
 Stone Arrow              Conj/Erth      0%         3d7       100%        3
 Teleport Other           Tloc           0%         N/A       100%        3
 Vampiric Draining        Necr           0%         2d6       100%        3
 Airstrike                Air            0%         N/A       100%        4
 Animate Armour           Summ/Erth      0%         N/A       100%        4
 Fulminant Prism          Conj/Hex       0%         3d6       100%        4
 Olgreb's Toxic Radiance  Pois           0%         N/A       100%        4
 Summon Lightning Spire   Summ/Air       0%         N/A       100%        4
 Alistair's Intoxication  Tmut/Pois      0%         N/A       100%        5
 Fireball                 Conj/Fire      0%         3d3       100%        5
 Freezing Cloud           Conj/Ice/Air   0%         6-21      100%        5
 Iskenderun's Battlesphe  Conj           0%         2d6       100%        5
 Lightning Bolt           Conj/Air       0%         1d11      100%        5
 Manifold Assault         Tloc           0%         N/A       100%        5
 Metabolic Englaciation   Hex/Ice        0%         N/A       100%        5
 Conjure Ball Lightning   Conj/Air       0%         3x3d6     100%        6
 Dispersal                Tloc           0%         N/A       100%        6
 Simulacrum               Ice/Necr       0%         N/A       100%        6
 Malign Gateway           Summ/Tloc      0%         N/A       100%        7
 Orb of Destruction       Conj           0%         9d5       100%        7
 Summon Hydra             Summ           0%         N/A       100%        7
 Lehudib's Crystal Spear  Conj/Erth      0%         10d2      100%        8
 Summon Horrible Things   Summ           0%         N/A       100%        8
 Fire Storm               Conj/Fire      0%         5d1       100%        9


Dungeon Overview and Level Annotations

Branches:
Dungeon (12/15)            Temple (1/1) D:6            Lair (6/6) D:11
 Shoals (0/4) Lair:2        Snake (0/4) Lair:2        Slime (0/5) Lair:5
    Orc (2/2) D:9             Elf (0/3) Orc:2

Altars:
Ashenzari
Cheibriados
Dithmenos
Elyvilon
Fedhas
Gozag
Hepliaklqana
Kikubaaqudgha
Makhleb
Nemelex Xobeh
Okawaru
Qazlal
Ru
Sif Muna
Trog
Uskayaw
Vehumet
Wu Jian
Xom
Yredelemnul
Zin
The Shining One
Jiyva

Shops:
D:2 *   D:5 ?   Orc:1 [=[[*   Orc:2 ([*:

Annotations:
D:5 Eustachio, Sigmund
D:6 Grinder
D:11 exclusion: cyclops
Lair:1 3 runed translucent doors, diceflayer's ghost, journeyman MiFi


Innate Abilities, Weirdness & Mutations

Your life essence is reduced to manifest your ancestor. (-10% HP)
You have a pair of horns on your head.
You reflexively headbutt those who attack you in melee.
You are very dopey. (Int -4)
[You are very frail. (-20% HP)]


Message History

A tentacled starspawn comes into view.
Tentacles burst from the starspawn's body! 2 starspawn tentacles come into view.
A chaos spawn comes into view.
Unknown command.
As you read the scroll of teleportation, it crumbles to dust.
You feel strangely unstable.
You feel the power of the Abyss delaying your translocation!
The bone dragon bites you!
The bone dragon claws you but does no damage.
The bone dragon tramples you!
You hold your ground!
Bohike hits the bone dragon but does no damage.
Unknown command.
An eye of devastation and a large abomination come into view.
The eye of devastation turns its gaze towards you.
The chaos spawn ululates chillingly with its many mouths.
The eye of devastation gazes at you. The bolt of energy hits you!!
Bohike hits the bone dragon but does no damage.
A spatial vortex comes into view.
You are suddenly pulled into a different region of the Abyss!
Bohike is pulled into the Abyss.
Found a corrupted altar of Lugonu.
An apocalypse crab comes into view.
Unknown command.
Unknown command.
Bohike is still trapped in memory!
Unknown command.
Unknown command.
You feel yourself speed up. The apocalypse crab misses you.
The apocalypse crab closely misses you.
Unknown command.
Unknown command.
You puncture the apocalypse crab!
Lightning courses through the apocalypse crab!
You headbutt the apocalypse crab, but do no damage.
The apocalypse crab is heavily wounded.
You hit the apocalypse crab but do no damage.
Lightning courses through the apocalypse crab!
You headbutt the apocalypse crab, but do no damage.
The apocalypse crab is severely wounded.
The apocalypse crab breathes chaos at you.
The blast of chaos misses you.
You hit the apocalypse crab.
The apocalypse crab is almost dead.
You are engulfed in seething chaos.
Unknown command.
You hit the apocalypse crab but do no damage.
The apocalypse crab is almost dead.
You are engulfed in seething chaos.
Unknown command.
You hit the apocalypse crab but do no damage.
The apocalypse crab is almost dead.
You are engulfed in seething chaos.
The apocalypse crab bites you. You resist with almost no effort.
The apocalypse crab closely misses you.
Unknown command.
You puncture the apocalypse crab!
You kill the apocalypse crab!
That felt strangely unrewarding.
You are engulfed in seething chaos.
Found an abyssal rune of Zot.
The merfolk javelineer shouts!
Bohike emerges from the mists of memory!
A hell hog comes into view.
The hell hog squeals angrily.
You block the hell hog's attack.
Unknown command.
You hit the hell hog. Lightning courses through the hell hog!
The hell hog is moderately wounded.
The hell hog barely misses you.
You impale the hell hog!!
The hell hog is heavily wounded.
The hell hog breathes fire at you.
The fireball explodes!
The fireball engulfs you! You resist.
The fireball engulfs the hell hog.
The hell hog completely resists.
You hear a roar!
You hear a deafening roar!
You hear a shout!
You impale the hell hog!! You headbutt the hell hog!
You kill the hell hog!
That felt strangely unrewarding.
Unknown command.
Unknown command.
Okay, then.
Unknown command.
You see here a hell hog corpse.
A merfolk javelineer and a tentacled starspawn come into view.
The merfolk javelineer is wielding a +1 spear of venom and quivering silver javelins.
An apocalypse crab comes into view.
The merfolk javelineer throws a silver javelin.
The silver javelin pierces through you! The silver sears you!
* * * LOW HITPOINT WARNING * * *
Unknown command.
Unknown command.
Unknown command.
Unknown command.
Unknown command.
Bohike closely misses the ophan.
Unknown command.
A wretched star comes into view.
The wretched star glows turbulently.
The lance of force hits you!!
You die...

#. . # # ..# .##
t.#####.#. .# φ##.
.......##.. .### .
#.X∩....... ...##..
#.m...X..#.###......#
# . ##..#.#...#..#..
. #...#......*..#
##...##.#@.##.#.
#.R.###.##.# # ####
##†.###..#.# R.. .#
#...G.G#...# .#.
##..#.##. #..# #....
..#.##.#......
......##.... ..#.....
...... ..#.## ##..#..
.. . .......# ##
...##


You could see a wretched star.

Vanquished Creatures
  A tentacled starspawn (Abyss:2)
  Gastronok (D:9)
  Nessos (Lair:4)
  A dire elephant (Lair:6)
  An ettin (Orc:1)
  7 hydras
  2 catoblepae
  A hell hog (Abyss:3)
  5 two-headed ogres
  4 death yaks
  A thrashing horror (Abyss:3)
  2 orc high priests (Orc:2)
  A wretched star (Abyss:3)
  A sixfirhy (Abyss:2)
  An oklob plant (Lair:3)
  5 orc knights
  4 orc sorcerers (Orc:2)
  An ugly thing (D:12)
  A worldbinder (Abyss:2)
  7 elephants (Lair:6)
  A cyclops (D:11)
  2 smoke demons
  6 black mambas
  An apocalypse crab (Abyss:3)
  3 torpor snails
  6 cane toads
  6 komodo dragons
  An efreet (Abyss:3)
  A komodo dragon (shapeshifter) (Lair:6)
  2 polar bears
  4 trolls
  A troll (shapeshifter) (Abyss:2)
  A merfolk (shapeshifter) (Lair:6)
  14 blink frogs
  A wind drake (shapeshifter) (D:12)
  Prince Ribbit (D:6)
  A wind drake (Lair:2)
  3 dream sheep
  38 yaks
  2 vampires
  A wraith (D:9)
  A ynoxinul (Lair:6)
  A spriggan (Lair:6)
  3 humans (D:9)
  A neqoxec (Abyss:2)
  8 basilisks
  3 vampire mosquitoes (D:12)
  8 wyverns
  A steam dragon (D:8)
  A chaos spawn (Abyss:2)
  2 wargs
  3 acid dragons
  13 water moccasins
  2 sky beasts (D:6)
  An ice beast (D:6)
  22 orc warriors
  8 black bears
  A necrophage (D:6)
  12 wolves
  4 ogres
  17 centaurs
  7 bullfrogs
  2 gnoll sergeants
  3 scorpions
  A wyvern skeleton (D:6)
  9 killer bees
  6 wights
  A howler monkey (D:12)
  3 bullfrog zombies
  11 jellies
  15 orc priests
  A bullfrog skeleton (D:5)
  3 centaur skeletons
  Ijyb (D:5)
  An iguana (D:6)
  14 orc wizards
  7 hell rats
  5 small abominations
  A howler monkey zombie (D:6)
  11 gnolls
  A howler monkey skeleton (D:6)
  8 adders
  A shadow imp (D:7)
  A white imp (D:6)
  2 adder skeletons (D:4)
  5 worms
  5 dart slugs
  67 orcs
  5 ball pythons
  8 bats
  16 endoplasms
  A giant cockroach (D:1)
  8 goblins
  7 hobgoblins
  5 jackals (D:1)
  A frilled lizard (D:2)
  4 kobolds
  5 rats
  A starspawn tentacle (Abyss:2)
509 creatures vanquished.

Vanquished Creatures (collateral kills)
  Erolcha (D:9)
  2 death yaks
  An orc high priest (Orc:2)
  Urug (Lair:1)
  A manticore (Lair:2)
  2 orc sorcerers (Orc:2)
  Maurice (D:12)
  A cane toad (Lair:5)
  A freezing wraith (Abyss:3)
  A komodo dragon (Lair:1)
  A troll (D:11)
  3 dream sheep
  5 blink frogs
  A wyvern (Lair:2)
  5 yaks
  3 basilisks
  2 humans (D:9)
  A warg (Lair:1)
  2 water moccasins (Lair:5)
  3 orc warriors
  An ogre (D:9)
  A wolf (Lair:5)
  A bullfrog (Lair:3)
  5 killer bees (D:9)
  A howler monkey (D:9)
  An iguana (D:7)
  4 orc wizards
  3 hell rats
  A howler monkey skeleton (D:7)
  A shadow imp (D:8)
  11 orcs
  2 endoplasms (Lair:3)
70 creatures vanquished.

Vanquished Creatures (others)
  A jelly (D:6)
  20 hexers
  3 ancestors
  2 orcs
  A bush (D:5)
  23 fungi
  71 plants
  5 starspawn tentacles
126 creatures vanquished.

Grand Total: 705 creatures vanquished

Notes
Turn   | Place    | Note
-------+----------+-------------------------------------------
     0 | D:1      | magipi the Minotaur Brigand began the quest for the Orb.
     0 | D:1      | Reached XP level 1. HP: 18/18 MP: 0/0
    91 | D:1      | Reached XP level 2. HP: 22/25 MP: 1/1
   603 | D:1      | Reached XP level 3. HP: 27/31 MP: 2/2
   775 | D:1      | Found a faded altar of an unknown god.
   980 | D:2      | Found Wuff's General Store.
   988 | D:2      | Bought a potion of heal wounds for 65 gold pieces
  1033 | D:2      | Reached XP level 4. HP: 38/38 MP: 3/3
  1694 | D:3      | Found an opulent altar of Gozag.
  1960 | D:3      | Reached XP level 5. HP: 46/46 MP: 4/4
  2284 | D:3      | Reached skill level 5 in Throwing
  2500 | D:4      | Got Sif Muna's Guide on Enthralling Black Rituals
  2768 | D:4      | Reached XP level 6. HP: 53/53 MP: 5/5
  2917 | D:4      | Reached skill level 1 in Polearms
  3081 | D:5      | Entered Level 5 of the Dungeon
  3225 | D:5      | Reached skill level 5 in Fighting
  3304 | D:5      | Noticed Ijyb
  3360 | D:5      | Killed Ijyb
  3368 | D:5      | Reached skill level 2 in Polearms
  3381 | D:5      | Noticed Eustachio
  3427 | D:5      | Reached XP level 7. HP: 49/61 MP: 6/6
  3543 | D:5      | Noticed Sigmund
  3553 | D:5      | Found Gaidghai's Magic Scroll Shoppe.
  3560 | D:5      | Bought a scroll of identify for 24 gold pieces
  3560 | D:5      | Bought a scroll of teleportation for 36 gold pieces
  3560 | D:5      | Bought a scroll of identify for 24 gold pieces
  3560 | D:5      | Bought a scroll of identify for 24 gold pieces
  3831 | D:6      | Reached skill level 3 in Polearms
  4041 | D:6      | Noticed a +0 dagger
  4051 | D:6      | Noticed a +0 hand axe
  4056 | D:6      | Found a hide-covered altar of Uskayaw.
  4180 | D:6      | Reached skill level 4 in Polearms
  4358 | D:6      | Found a glowing silver altar of Zin.
  4376 | D:6      | Reached XP level 8. HP: 71/71 MP: 7/7
  4378 | D:6      | Found a staircase to the Ecumenical Temple.
  4388 | Temple   | Entered the Ecumenical Temple
  4428 | Temple   | Became a worshipper of Hepliaklqana the Forgotten
  4487 | D:6      | Noticed Prince Ribbit
  4504 | D:6      | Killed Prince Ribbit
  4505 | D:6      | Reached skill level 5 in Polearms
  4670 | D:6      | Found a radiant altar of Vehumet.
  4742 | D:6      | Identified the +8 chain mail of Creativity {+Blink +Inv
                  | MP+9 Slay-6}
  4832 | D:6      | Reached skill level 6 in Polearms
  5070 | D:6      | You fall into a shaft and drop 1 floor!
  5118 | D:7      | Reached XP level 9. HP: 82/82 MP: 8/8
  5130 | D:7      | Reached * piety under Hepliaklqana
  5287 | D:6      | Noticed Grinder
  5289 | D:6      | Paralysed by Grinder for 3 turns
  5331 | D:7      | Found a stormy altar of Qazlal.
  5439 | D:7      | Reached skill level 7 in Polearms
  5563 | D:7      | Found a broken altar of Ashenzari.
  5566 | D:7      | Found an ancient bone altar of Kikubaaqudgha.
  5566 | D:7      | Found a basalt altar of Yredelemnul.
  5569 | D:7      | Found a sparkling altar of Nemelex Xobeh.
  5848 | D:8      | Noticed a two-headed ogre
  5883 | D:8      | Killed a two-headed ogre
  5884 | D:8      | Reached skill level 8 in Polearms
  6355 | D:8      | Noticed a two-headed ogre
  6416 | D:8      | Killed a two-headed ogre
  6417 | D:8      | Reached skill level 10 in Fighting
  6417 | D:8      | Reached XP level 10. HP: 83/83 MP: 9/9
  6456 | D:8      | Reached skill level 9 in Polearms
  6756 | D:8      | Reached ** piety under Hepliaklqana
  6757 | D:8      | Remembered your ancestor Bohike as a hexer
  6849 | D:9      | Noticed Erolcha
  6861 | D:9      | Killed Erolcha
  6891 | D:9      | Noticed Gastronok
  6936 | D:8      | Reached skill level 10 in Throwing
  7310 | D:9      | Killed Gastronok
  7311 | D:9      | Reached skill level 10 in Polearms
  7881 | D:9      | Identified the +9 halberd of Royalism {freeze, rElec Str+5
                  | Dex-2}
  7997 | D:9      | Reached XP level 11. HP: 70/91 MP: 10/10
  8103 | D:9      | Found a staircase to the Orcish Mines.
  8128 | D:9      | Reached skill level 1 in Invocations
  8209 | D:9      | Reached skill level 1 in Evocations
  8752 | D:10     | Entered Level 10 of the Dungeon
  8831 | D:10     | Found an iron altar of Okawaru.
  9071 | D:10     | Reached *** piety under Hepliaklqana
  9117 | D:10     | Reached skill level 11 in Polearms
  9265 | D:10     | Found a sacrificial altar of Ru.
  9291 | D:10     | Noticed a two-headed ogre
  9305 | D:10     | Killed a two-headed ogre
  9487 | D:10     | Found a shimmering blue altar of Sif Muna.
  9597 | D:11     | Identified a scroll of acquirement
  9597 | D:11     | Acquired the +2 buckler "Malaesich" {rPois Slay+2}
  9733 | D:11     | Found a staircase to the Lair.
  9809 | D:11     | Reached skill level 1 in Shields
 10032 | D:11     | Noticed a two-headed ogre
 10058 | D:11     | Killed a two-headed ogre
 10328 | D:11     | Found a glowing silver altar of Zin.
 10669 | D:11     | Reached **** piety under Hepliaklqana
 10938 | D:12     | Noticed Maurice
 10959 | D:12     | Killed Maurice
 11049 | D:12     | Noticed a brown ugly thing
 11062 | D:12     | Killed a brown ugly thing
 11074 | D:12     | Reached skill level 12 in Polearms
 11109 | D:12     | Reached XP level 12. HP: 67/100 MP: 14/14
 11324 | D:12     | Found a shimmering altar of Xom.
 11555 | D:12     | Noticed a two-headed ogre
 11559 | D:12     | Killed a two-headed ogre
 11701 | Orc:1    | Entered Level 1 of the Orcish Mines
 11711 | Orc:1    | Noticed an ettin
 11723 | Orc:1    | Killed an ettin
 11725 | Orc:1    | Reached skill level 5 in Invocations
 12056 | Orc:1    | Found Tumnohya's Jewellery Shop.
 12069 | Orc:1    | Found Ekhlec's Armour Boutique.
 12096 | Orc:1    | Bought a +2 pair of gloves of strength for 236 gold pieces
 12117 | Orc:2    | Entered Level 2 of the Orcish Mines
 12117 | Orc:2    | Found a staircase to the Elven Halls.
 12131 | Orc:2    | Reached skill level 5 in Shields
 12258 | Orc:1    | Reached skill level 5 in Evocations
 12555 | Orc:1    | Found Qepigoh's Armour Shoppe.
 12590 | Orc:1    | Found Umusk's Antique Armour Boutique.
 12598 | Orc:1    | Bought a spiked scale mail for 279 gold pieces
 12598 | Orc:1    | Identified the +0 scale mail of the Dragon {Drain rPois
                  | rC++ rN+} (You bought it in a shop on level 1 of the Orcish
                  | Mines)
 12914 | Orc:2    | Paralysed by an orc sorcerer for 4 turns
 12990 | Orc:1    | Found Umakoc's Assorted Antiques.
 14206 | Orc:2    | Noticed an orc high priest
 14225 | Orc:2    | Killed an orc high priest
 14262 | Orc:2    | Noticed an orc high priest
 14287 | Orc:2    | Killed an orc high priest
 14532 | Orc:2    | Noticed an orc high priest
 14712 | Orc:2    | Gained mutation: You have hidden genetic defects. [a
                  | neqoxec]
 14928 | Orc:2    | Killed an orc high priest
 14978 | Orc:2    | Found Amuohof's Antique Weapon Emporium.
 14978 | Orc:2    | Found Zuudurghap's Armour Shop.
 14999 | Orc:2    | Reached skill level 13 in Polearms
 15016 | Orc:2    | Found Hicziept's Assorted Antiques.
 15016 | Orc:2    | Found Sano's Book Shop.
 15145 | Orc:2    | Bought a scroll labelled RIUM WODGHECKO for 22 gold pieces
 15145 | Orc:2    | Bought a scroll labelled NOUNWIW BOHA for 22 gold pieces
 15145 | Orc:2    | Bought a scroll of identify for 44 gold pieces
 15145 | Orc:2    | Bought a scroll of identify for 44 gold pieces
 15145 | Orc:2    | Bought a smoky inky potion for 19 gold pieces
 15145 | Orc:2    | Bought a wand of paralysis (3) for 44 gold pieces
 15188 | Orc:1    | Bought a glowing chain mail for 232 gold pieces
 15236 | Orc:1    | Bought a ring of protection from cold for 375 gold pieces
 15323 | Lair:1   | Entered Level 1 of the Lair of Beasts
 15555 | Lair:1   | Found a runed translucent gate.
 15558 | Lair:1   | Found a runed translucent gate.
 15559 | Lair:1   | Found a runed translucent gate.
 15559 | Lair:1   | Noticed diceflayer's ghost (journeyman MiFi)
 15564 | Lair:1   | Noticed a minotaur
 15624 | Lair:1   | Gained mutation: You are dopey. (Int -2) [hidden defects]
 15659 | Lair:1   | Noticed Sonja
 15693 | Lair:1   | Reached XP level 13. HP: 101/106 MP: 17/17
 15715 | Lair:1   | Noticed Sonja
 15715 | Lair:1   | Sonja changed into Sonja the warg
 15718 | Lair:1   | Killed Sonja the warg
 15741 | Lair:1   | Noticed Urug
 15763 | Lair:1   | Killed Urug
 15772 | Lair:1   | Reached ***** piety under Hepliaklqana
 15925 | Lair:2   | Found a staircase to the Snake Pit.
 15928 | Lair:2   | Found a staircase to the Shoals.
 16022 | Lair:2   | Gained mutation: You are very dopey. (Int -4) [hidden
                  | defects]
 16022 | Lair:2   | Lost mutation: You have hidden genetic defects. [hidden
                  | defects expressed]
 16056 | Lair:2   | You fall into a shaft and drop 2 floors!
 16325 | Lair:4   | Noticed Nessos
 16333 | Lair:4   | Killed Nessos
 16516 | Lair:3   | Got the Compendium of Unstable Flames
 16637 | Lair:2   | Reached skill level 14 in Polearms
 17827 | Lair:3   | Reached skill level 10 in Invocations
 18473 | Lair:5   | Reached skill level 10 in Evocations
 18549 | Lair:5   | Reached skill level 1 in Armour
 18741 | Lair:5   | Reached XP level 14. HP: 111/113 MP: 20/20
 19106 | Lair:5   | Found a staircase to the Slime Pits.
 19106 | Lair:5   | Found a viscous altar of Jiyva.
 19156 | Lair:6   | Entered Level 6 of the Lair of Beasts
 19156 | Lair:6   | Reached ****** piety under Hepliaklqana
 19325 | Lair:6   | Found a glowing golden altar of the Shining One.
 19868 | Lair:6   | Reached skill level 5 in Armour
 19894 | Lair:6   | Reached skill level 5 in Dodging
 20445 | Lair:6   | Cast into level 2 of the Abyss (chaos spawn)
 20505 | Abyss:2  | Noticed a tentacled starspawn
 20515 | Abyss:2  | Killed a tentacled starspawn
 20595 | Abyss:2  | Noticed a starcursed mass
 20662 | Abyss:3  | Noticed a starcursed mass
 20663 | Abyss:3  | Noticed a profane servitor
 20850 | Abyss:3  | Found a corrupted altar of Lugonu.
 20860 | Abyss:3  | Noticed a bone dragon
 20865 | Abyss:3  | Noticed a tentacled starspawn
 20873 | Abyss:3  | Found a corrupted altar of Lugonu.
 20879 | Abyss:3  | Found a corrupted altar of Lugonu.
 20893 | Abyss:3  | Noticed a starcursed mass
 20917 | Abyss:3  | Noticed a tentacled starspawn
 20919 | Abyss:3  | Noticed an ophan
 20929 | Abyss:3  | Killed from afar by a wretched star

Illustrated notes

Levels and vault maps discovered:
D:1:      enne_arrival_octagon_isle, layout_basic,
          shapermc_ecumenical_altar_notcrosses
D:2:      layout_loops_corners, serial_shops, shop, minmay_pentomino_p4
D:3:      layout_loops_corners, mainiacjoe_overflow_24_doors
D:4:      layout_basic, serial_corexii_hall, corexii_hall_statues_x,
          corexii_hall_statues_deadend, corexii_hall_statues_u,
          corexii_hall_statues_x, serial_bayou_lagoon_a
D:5:      layout_rooms, minmay_liquid_box, minmay_hedge_maze,
          nicolae_stop_n_shop_2, grunt_decor_clamped, chequers_jeans,
          hangedman_abyss_or_decor_passed, uniq_sigmund, uniq_ijyb,
          uniq_eustachio
D:6:      layout_basic, fiery_altar_vehumet, general_overflow_altar,
          dancing_weapons_uskayaw, minmay_temple_entry_mini_moons,
          minmay_chambers_of_fives, uniq_prince_ribbit1, uniq_grinder
D:7:      layout_basic, mainiacjoe_overflow_small_starburst,
          grunt_temple_overflow_open, dk_rats_in_the_wall
D:8:      layout_rooms, skrybe_limestone_x, nzn_life_drinkers
D:9:      layout_loops_corners, erik_orc_3, enter_bailey_2, minmay_ruffians,
          uniq_gastronok, uniq_erolcha
D:10:     layout_irregular_city, nicolae_ru_awakened_eye,
          kennysheep_orc_sif_temple, lemuel_doored_altar
D:11:     layout_loops_corners, minmay_lair_entry_grove, columned_hall_lemuel,
          zin_statuary
D:12:     layout_loops_ring, xom_teletrap_fun, uniq_maurice
Temple:   cyrus_temple_forest
Lair:1:   layout_gridlike, maelrawn_ghost_gauntlet_escape, grunt_megastairs_2,
          uniq_sonja, uniq_urug
Lair:2:   layout_loops_ring, minmay_shoals_entry_beasts,
          guppyfry_snake_entry_garden
Lair:3:   lemuel_slime, layout_chaotic_city, grunt_megastairs_1
Lair:4:   layout_misc_corridors, uniq_nessos
Lair:5:   layout_loops_ring, slime_altar_1, minmay_shattered_shrine
Lair:6:   hellmonk_lair_end_abyssal_woods, layout_regular_city,
          lemuel_centaur_altar
Orc:1:    layout_caves, serial_shops, shop, nicolae_diamond_shop, shop,
          nicolae_shop_trees, nicolae_shop_hallway_stairs
Orc:2:    grunt_orc_tribal_feast, layout_caves
Abyss:3:  base: D:14, guppyfry_abyss_exit_imp_island,
          evilmike_abyss_exit_kraken, hangedman_abyss_batty_box,
          evilmike_abyss_rune_elephants_shrine, nicolae_abyss_rune_left_handed

Skill      XL: |  1  2  3  4  5  6  7  8  9 10 11 12 13 14 |
---------------+-------------------------------------------+-----
Fighting       | 3 4 5 6 8 10 11 12 | 12.0
Throwing       | 3 4 5 6 7 8 9 10 11 12 | 12.0
Polearms       | 2 4 6 8 10 12 13 14 | 14.0
Invocations    | 4 7 10 11 | 11.2
Evocations     | 4 7 10 11 | 11.0
Shields        | 4 5 |  5.0
Armour         | 1 6 |  6.0
Dodging        | 2 5 |  5.7
Short Blades   | |  2.1
Stealth        | |  3.2

Action                   |  1- 3 |  4- 6 |  7- 9 | 10-12 | 13-15 || total
-------------------------+-------+-------+-------+-------+-------++-------
Melee: Dagger            |    92 |   198 |       |       |       ||   290
       Headbutt          |     6 |    48 |    28 |    51 |   141 ||   274
       Punch             |     1 |     4 |     2 |     1 |       ||     8
       Trident           |       |    18 |   163 |   179 |   683 ||  1043
       Halberd           |       |       |       |   252 |       ||   252
Throw: Dart              |     5 |    12 |    59 |    55 |     2 ||   133
       Boomerang         |       |       |    14 |     8 |    14 ||    36
       Javelin           |       |       |       |       |     3 ||     3
Invok: Recall Ancestor   |       |       |     1 |     6 |     8 ||    15
       Ancestor Identity |       |       |     1 |       |       ||     1
       Ancestor Life: He |       |       |       |     1 |       ||     1
       Idealise          |       |       |       |     1 |     1 ||     2
Evoke: Wand              |       |     3 |     6 |    21 |    11 ||    41
  Use: Scroll            |       |     8 |     3 |    10 |     9 ||    30
       Potion            |       |       |     2 |     2 |     3 ||     7
 Stab: Sleeping          |     4 |     4 |     1 |     3 |       ||    12
       Paralysed         |       |       |       |     6 |     3 ||     9
       Distracted        |       |       |       |     6 |    10 ||    16
       Confused          |       |       |       |     2 |     9 ||    11
Armor: Robe              |    11 |       |       |       |       ||    11
       Ring mail         |    13 |    34 |    87 |    73 |       ||   207
       Scale mail        |       |    33 |       |       |       ||    33
       Chain mail        |       |       |       |     8 |   144 ||   152
Dodge: Dodged            |    50 |    76 |    85 |    95 |   109 ||   415
Block: Buckler           |       |       |       |    18 |   114 ||   132
